Map: Eternal Empire LE

Players

Osiris

  • Race: Terran Terran
  • League: Master
  • Spawn Location: 7:00

Salieri - Winner!

  • Race: Terran Terran
  • League: Master
  • Spawn Location: 1:00

VOD

Have the link to the VOD?

Description

Time

  • Played on: July 31, 2020, 4:17 a.m.
  • Length: 8:04
Show
View Real Time Build Order
Export as new Build Order

Osiris Terran 

Build Orders: Gas First Reaper Expand, Mech 

Get SALT Encoding   

  12  0:00  SCV  
  13  0:12  SCV  
  14  0:17  Supply Depot  
  14  0:24  SCV  
  14  0:28  Refinery  
  15  0:38  SCV  
  16  0:46  Barracks  
  16  0:51  SCV  
  17  1:03  SCV  
  18  1:15  SCV  
  19  1:33  Orbital Command  
  19  1:34  Reaper  
  20  1:53  Command Center  
  20  2:02  SCV  
  21  2:12  Factory  
  21  2:13  Barracks Reactor  
  21  2:22  Supply Depot  
  20  2:25  SCV  
  21  2:37  SCV  
  21  2:39  Refinery  
  22  2:49  SCV  
  23  2:56  Starport  
  23  3:01  Hellion x2  
  27  3:05  SCV  
  28  3:13  Orbital Command  
  28  3:17  Barracks Tech Lab  
  28  3:19  SCV  
  29  3:32  Hellion x2  
  33  3:39  SCV  
  33  3:40  SCV  
  35  3:43  Raven  
  37  3:49  Supply Depot  
  37  3:52  SCV  
  37  3:53  SCV  
  39  4:04  SCV  
  39  4:05  Hellion, Barracks Tech Lab  
  39  4:08  Hellion  
  39  4:09  SCV  
  45  4:13  Refinery  
  45  4:17  SCV, Supply Depot  
  46  4:28  Raven  
  48  4:31  SCV  
  48  4:36  SCV  
  50  4:41  Supply Depot  
  50  4:43  SCV, Siege Tank  
  54  4:49  SCV  
  55  4:59  SCV  
  56  5:12  Command Center  
  56  5:13  SCV  
  57  5:15  Refinery  
  57  5:16  SCV, Supply Depot  
  57  5:18  Siege Tank  
  56  5:30  SCV  
  56  5:32  SCV  
  56  5:34  Viking  
  60  5:36  Viking  
  62  5:45  SCV  
  62  5:46  SCV  
  64  5:51  Supply Depot, Siege Tank  
  67  5:57  SCV  
  68  6:08  Viking x2  
  68  6:24  SCV  
  68  6:25  SCV  
  70  6:28  Siege Tank  
  73  6:34  SCV  
  73  6:36  Supply Depot  
  73  6:38  Viking x2  
  66  7:08  Viking, Supply Depot  
  66  7:09  Viking  
  66  7:13  Siege Tank  
  66  7:15  SCV  
  74  7:16  Orbital Command  
  74  7:19  Command Center  
  74  7:22  SCV, Factory  
  75  7:23  Factory  
  75  7:27  SCV  
Show
View Real Time Build Order
Export as new Build Order

Salieri Terran - Winner!

Build Orders: Gas First Reaper Expand, Mech 

Get SALT Encoding   

  12  0:00  SCV  
  13  0:12  SCV  
  14  0:17  Supply Depot  
  14  0:25  SCV  
  15  0:28  Refinery  
  15  0:39  SCV  
  16  0:45  Barracks  
  16  0:51  SCV  
  17  1:03  SCV  
  18  1:15  SCV  
  19  1:32  Orbital Command  
  19  1:33  Reaper  
  20  1:46  Command Center  
  20  1:58  Factory  
  20  2:02  SCV  
  21  2:11  Barracks Reactor  
  21  2:14  SCV  
  22  2:24  Supply Depot  
  22  2:28  SCV, Refinery  
  23  2:45  SCV, Factory Tech Lab  
  23  2:48  Starport  
  23  2:50  Marine x2  
  26  2:55  Factory Tech Lab  
  26  2:57  SCV  
  27  3:01  Orbital Command  
  27  3:11  Marine x2  
  29  3:18  Siege Tank  
  32  3:28  SCV x2, Starport Reactor  
  32  3:29  Supply Depot  
  32  3:33  Refinery  
  34  3:36  Marine x2  
  34  3:41  SCV x2  
  38  3:50  Siege Tank  
  38  3:52  Supply Depot  
  38  3:53  SCV  
  42  4:03  Marine x2  
  42  4:06  SCV x2  
  46  4:12  Viking x2  
  46  4:17  Supply Depot  
  50  4:21  SCV x2  
  52  4:27  Siege Tank  
  52  4:29  Marine  
  52  4:30  Marine  
  57  4:35  SCV x2  
  58  4:40  Supply Depot  
  58  4:47  Viking  
  58  4:48  Viking  
  58  4:51  SCV  
  63  4:53  SCV  
  64  5:01  Supply Depot  
  64  5:03  Bunker  
  64  5:07  Engineering Bay  
  64  5:11  Supply Depot  
  64  5:20  SCV x2  
  66  5:24  Refinery  
  65  5:31  Viking x2  
  65  5:32  SCV x2  
  71  5:37  Siege Tank  
  74  5:44  Marine x2  
  74  5:45  SCV x2  
  78  5:57  SCV x2  
  78  6:00  Command Center  
  80  6:09  SCV x2  
  82  6:20  Siege Tank  
  82  6:23  Viking, Liberator  
  82  6:25  SCV x2  
  92  6:40  SCV x2  
  92  6:42  Factory  
  92  6:43  Factory  
  92  6:55  SCV x2  
  94  7:01  Supply Depot  
  94  7:03  Engineering Bay  
  94  7:06  Supply Depot  
  94  7:07  SCV x2  
  94  7:14  Viking x2  
  98  7:25  Barracks Reactor, Siege Tank  
  98  7:28  SCV x2  
  101  7:44  Factory Tech Lab  
  101  7:45  Refinery x2  
  101  7:48  Factory  
  101  7:49  Factory  
Tags
 
Add a new tag
Caveats
  • Supply blocks, unpowered buildings, or Contaminate may cause inaccurate times.
  • Supply counts are checked every 10 seconds.